 Dungeon Crawl Stone Soup version 0.31-a0-532-g28f74ba3e5 (webtiles) character file.

Game seed: 875146706906367632

336 pokeman the Magician (level 6, -3/34 HPs)
             Began as a Deep Elf Hedge Wizard on Aug 12, 2023.
             Was an Initiate of Vehumet.
             Splashed by a jelly's acid (6 damage)
             ... on level 4 of the Dungeon.
             The game lasted 00:04:35 (3373 turns).

pokeman the Magician (Deep Elf Hedge Wizard)        Turns: 3373, Time: 00:04:35

Health: -3/34      AC: -5    Str:  7    XL:     6   Next: 28%
Magic:  7/17       EV: 13    Int: 21    God:    Vehumet [......]
Gold:   100        SH:  5    Dex: 20    Spells: 10/18 levels left

rFire   . . .        a - +0 dagger
rCold   . . .        (no shield)
rNeg    . . .        b - +0 robe
rPois   .            c - +0 hat
rElec   .            (no cloak)
rCorr   .            (no gloves)
SInv    .            (no boots)
Will    .....        u - amulet of reflection
Stlth   +++          s - +6 ring of dexterity
HPRegen 0.25/turn    (no ring)
MPRegen 0.15/turn

%: reflection
@: corroded
A: no striking features
a: Renounce Religion


You were on level 4 of the Dungeon.
You worshipped Vehumet.
Vehumet was noncommittal.
You visited 2 branches of the dungeon, and saw 5 of its levels.

You collected 100 gold pieces.

Inventory:

Hand Weapons
 a - a +0 dagger (weapon)
Missiles
 e - a throwing net
Armour
 b - a +0 robe (worn)
 c - a +0 hat (worn)
 i - an orb of energy
Magical Staves
 h - a staff of earth
 k - a staff of conjuration
Jewellery
 s - a +6 ring of dexterity (left hand)
 u - an amulet of reflection (around neck)
Scrolls
 l - 2 scrolls of fear {unknown}
 m - a scroll of fog {unknown}
 n - 2 scrolls of noise {unknown}
 p - a scroll of enchant weapon {unknown}
 q - a scroll of amnesia {unknown}
 r - a scroll of teleportation {unknown}
Potions
 d - a potion of magic
 f - 4 potions of curing {unknown}
 g - 3 potions of heal wounds {unknown}
 j - a potion of cancellation {unknown}
 o - a potion of haste {unknown}
 t - a potion of resistance {unknown}


   Skills:
 + Level 1.0 Fighting
 - Level 1.0 Armour
 - Level 3.0 Dodging
 - Level 3.0 Stealth
 * Level 6.7 Spellcasting
 + Level 3.0 Conjurations
 - Level 1.1 Summonings
 - Level 1.1 Translocations
 - Level 1.2 Air Magic
 + Level 1.2 Earth Magic
 - Level 1.2 Poison Magic
 - Level 1.4 Evocations


You had 10 spell levels left.
You knew the following spells:

 Your Spells              Type           Power      Damage    Failure   Level
a - Magic Dart            Conj           76%        1d6       2%          1
b - Mephitic Cloud        Conj/Pois/Air  14%        N/A       13%         3
c - Call Imp              Summ           22%        N/A       9%          2
d - Blink                 Tloc           22%        N/A       9%          2

Your spell library contained the following spells:

 Spells                   Type           Power      Damage    Failure   Level
 Slow                     Hex            28%        N/A       9%          1
 Cigotuvi's Dreadful Rot  Necr/Pois/Air  20%        N/A       10%         2
 Leda's Liquefaction      Hex/Erth       4%         N/A       56%         4
 Lee's Rapid Deconstruct  Erth           6%         3d6*      83%         5
 Leda's Unmaking          Conj/Erth      8%         9d2       99%         6


Dungeon Overview and Level Annotations

Branches:
Dungeon (4/15)             Temple (1/1) D:4

Altars:
Ashenzari
Cheibriados
Dithmenos
Elyvilon
Fedhas
Gozag
Hepliaklqana
Makhleb
Nemelex Xobeh
Ru
Sif Muna
Trog
Uskayaw
Vehumet
Wu Jian
Xom
Zin
The Shining One


Message History

Aiming: Magic Dart (safe; 2% risk of failure)
Press: ? - help, Shift-Dir - straight line, f/p - jelly
Aim: a jelly (moderately wounded, 100% to hit)
The magic dart hits the jelly.
The jelly is moderately wounded.
You block the kobold's attack. The jelly hits you.
You are splashed with acid!
Casting: Magic Dart (safe; 2% risk of failure)
Confirm with . or Enter, or press ? or * to list all spells.
Aiming: Magic Dart (safe; 2% risk of failure)
Press: ? - help, Shift-Dir - straight line, f/p - jelly
Aim: a jelly (moderately wounded, 100% to hit)
The magic dart hits the jelly.
The jelly is heavily wounded.
The jelly closely misses you. You block the kobold's attack.
Unknown command.
The kobold attacks as you move away! The kobold hits you but does no damage.
The jelly hits you. The acid corrodes you!
You are splashed with acid!
The jelly attacks as you move away! The jelly hits you. The acid corrodes you!
You are splashed with acid!
* * * LOW HITPOINT WARNING * * *
Casting: Magic Dart (safe; 2% risk of failure)
Confirm with . or Enter, or press ? or * to list all spells.
Aiming: Magic Dart (safe; 2% risk of failure)
Press: ? - help, Shift-Dir - straight line, f/p - jelly
Aim: a jelly (heavily wounded, 100% to hit)
The magic dart hits the jelly.
The jelly is almost dead.
The jelly closely misses you.
Unknown command.
Casting: Magic Dart (safe; 2% risk of failure)
Confirm with . or Enter, or press ? or * to list all spells.
Aiming: Magic Dart (safe; 2% risk of failure)
Press: ? - help, Shift-Dir - straight line, f/p - jelly
Aim: a jelly (almost dead, 100% to hit)
The magic dart hits the jelly.
The jelly is almost dead.
The jelly hits you.
* * * LOW HITPOINT WARNING * * *
You are splashed with acid.
You die...

..# .# #..
.# [. .# #
#. .##.#
#.#...
#.###...#
#....gK.#
....#.#J##
# .. #@#
#. #.# ..
#.# .# ..
#.# .# .
#.# .# #.#
.# #.# .#
#.# .# #.#
####.#


You could see a jelly, a gnoll and a kobold.

Vanquished Creatures
  Eustachio (D:4)
  A hound (D:4)
  Jessica (D:2)
  5 adders
  A gnoll (D:1)
  A worm (D:2)
  2 dart slugs
  7 ball pythons
  5 bats
  6 endoplasms
  4 giant cockroaches
  10 goblins
  6 hobgoblins
  10 jackals
  8 kobolds
  2 quokkas
  A frilled lizard (D:1)
  5 rats
76 creatures vanquished.

Notes
Turn   | Place    | Note
-------+----------+-------------------------------------------
     0 | D:1      | pokeman the Deep Elf Hedge Wizard began the quest for the
                  | Orb.
     0 | D:1      | Reached XP level 1. HP: 10/10 MP: 7/7
   199 | D:1      | Reached XP level 2. HP: 16/16 MP: 4/9
   670 | D:1      | Reached skill level 5 in Spellcasting
   763 | D:1      | Reached XP level 3. HP: 20/20 MP: 6/11
   768 | D:1      | Learned a level 3 spell: Mephitic Cloud
   771 | D:1      | Learned a level 2 spell: Call Imp
   776 | D:1      | Learned a level 2 spell: Blink
  1139 | D:2      | Found a white marble altar of Elyvilon.
  1153 | D:2      | Reached skill level 1 in Fighting
  1197 | D:2      | Reached skill level 1 in Armour
  1232 | D:2      | Noticed Jessica
  1235 | D:2      | Killed Jessica
  1236 | D:2      | Reached XP level 4. HP: 25/25 MP: 8/13
  1578 | D:2      | Found a faded altar of an unknown god.
  2440 | D:3      | Reached skill level 6 in Spellcasting
  2562 | D:3      | Reached XP level 5. HP: 29/29 MP: 11/15
  3128 | D:4      | Found a staircase to the Ecumenical Temple.
  3139 | D:4      | Noticed Eustachio
  3149 | D:4      | Killed Eustachio
  3150 | D:4      | Reached skill level 1 in Air Magic
  3150 | D:4      | Reached skill level 1 in Earth Magic
  3150 | D:4      | Reached skill level 1 in Poison Magic
  3150 | D:4      | Reached skill level 1 in Evocations
  3150 | D:4      | Reached XP level 6. HP: 32/34 MP: 3/17
  3290 | Temple   | Entered the Ecumenical Temple
  3300 | Temple   | Became a worshipper of Vehumet
  3373 | D:4      | Splashed by a jelly's acid

Illustrated notes

Levels and vault maps discovered:
D:1:      co_arrival_random_square_maze, layout_basic, minivault_19,
          grunt_decor_junction
D:2:      layout_basic, chequers_ecumenical_altar_grove, basic_altar,
          uniq_jessica
D:3:      layout_rooms
D:4:      layout_loops_ring, temple_pool_b, minmay_fractal_squares_5, uniq_ijyb,
          uniq_crazy_yiuf_cottage, uniq_eustachio, uniq_blork_the_orc
Temple:   regret_index_temple_chain_breaker

Skill      XL: |  1  2  3  4  5  6 |
---------------+-------------------+-----
Spellcasting   | 5 6 |  6.7
Fighting       | 1 |  1.0
Armour         | 1 |  1.0
Conjurations   | 2 3 |  3.0
Stealth        | 3 |  3.0
Dodging        | 3 |  3.0
Air Magic      | 1 |  1.2
Earth Magic    | 1 |  1.2
Poison Magic   | 1 |  1.2
Evocations     | 1 |  1.4
Summonings     | |  1.1
Translocations | |  1.1

Action                     |  1- 3 |  4- 6 || total
---------------------------+-------+-------++-------
  Melee: Dagger            |     6 |    19 ||    25
   Cast: Magic Dart        |    70 |   127 ||   197
         Mephitic Cloud    |       |     3 ||     3
   Stab: Confused          |       |     3 ||     3
 Armour: Robe              |     3 |     2 ||     5
  Dodge: Dodged            |     5 |    28 ||    33
  Block: Other             |       |     2 ||     2

Table legend: (Time is in decaauts)
 A = Elapsed time spent in this place.
 B = Non-inter-level travel time spent in this place.
 C = Inter-level travel time spent in this place.
 D = Time resting spent in this place.
 E = Time spent auto-exploring this place.
 F = Levels seen in this place.
 G = Mean time per level.
                   A        B        C        D        E       F      G
               +--------+--------+--------+--------+--------+-----+--------+
         Total |   3375 |   3280 |     95 |      0 |   2864 |   5 |  675.0 |
       Dungeon |   3354 |   3268 |     86 |      0 |   2864 |   4 |  838.5 |
        Temple |     20 |     11 |      9 |      0 |      0 |   1 |   20.0 |
               +--------+--------+--------+--------+--------+-----+--------+

Top non-repeatable levels by time:
     D:2: 1222 daAuts
     D:1: 1139 daAuts
     D:3: 626 daAuts
     D:4: 366 daAuts
  Temple: 20 daAuts
